 Dungeon Crawl Stone Soup version 0.26-a0-602-gd42a14c23b (webtiles) character file.

Game seed: 18340959478095010441

19512 amanita the Peltast (level 12, -14/101 HPs)
             Began as a Hill Orc Fighter on Aug 30, 2020.
             Was a High Priest of Uskayaw.
             Demolished by an orc warrior
             ... wielding a +0 dire flail
              (39 damage)
             ... on level 1 of the Orcish Mines.
             The game lasted 00:22:52 (12271 turns).

amanita the Peltast (Hill Orc Fighter)             Turns: 12271, Time: 00:22:52

Health: -14/101    AC:  9    Str: 22    XL:     12   Next: 69%
Magic:  22/22      EV:  9    Int: 10    God:    Uskayaw [*****.]
Gold:   540        SH: 16    Dex: 10    Spells: 11/11 levels left

rFire    + . .     SeeInvis .   d - +11 broad axe of Foolhardiness {speed, *Slow rF+ rC+ Stlth+}
rCold    + . .     Faith    .   G - +2 kite shield
rNeg     . . .     Spirit   .   b - +0 scale mail
rPois    .         Reflect  .   r - +0 helmet
rElec    .         Harm     .   (no cloak)
rCorr    .                      g - +0 pair of gloves
MR       +....                  (no boots)
Stlth    +.........             (no amulet)
HPRegen  0.26/turn              z - ring of protection from magic
MPRegen  0.18/turn              y - +4 ring of slaying

@: studying Shields, lightly drained
A: no striking features
a: Stomp, Line Pass, Grand Finale, Renounce Religion


You were on level 1 of the Orcish Mines.
You worshipped Uskayaw.
Uskayaw was pleased with you.
You visited 3 branches of the dungeon, and saw 14 of its levels.
You also visited: Ossuary and Ice Cave.

You collected 943 gold pieces.
You spent 403 gold pieces at shops.

Inventory:

Hand Weapons
 d - the +11 broad axe of Foolhardiness (weapon) {speed, *Slow rF+ rC+ Stlth+}
   (You acquired it on level 6 of the Dungeon)

   Attacks with this weapon are significantly faster.
   It protects you from fire.
   It protects you from cold.
   It may slow you when you take damage.
   It makes you more stealthy.
Missiles
 j - a throwing net
 m - 14 boomerangs
 u - 7 curare-tipped darts (quivered)
 A - 6 javelins
Armour
 b - a +0 scale mail (worn)
 g - a +0 pair of gloves (worn)
 r - a +0 helmet (worn)
 G - a +2 kite shield (worn)
Jewellery
 y - a +4 ring of slaying (right hand)
 z - a ring of protection from magic (left hand)
 K - an uncursed ring of see invisible
Wands
 c - a wand of acid (3)
 h - a wand of polymorph (3)
 H - a wand of flame (32)
 J - a wand of paralysis (10)
Scrolls
 f - 6 scrolls of teleportation
 i - 3 scrolls of immolation
 k - 2 scrolls of amnesia
 l - 2 scrolls of blinking
 n - 4 scrolls of remove curse
 q - 3 scrolls of enchant armour
 s - 2 scrolls of fear
 t - 4 scrolls of identify
 v - 2 scrolls of fog
 w - 3 scrolls of magic mapping
Potions
 a - a potion of stabbing
 e - 7 potions of curing
 o - 2 potions of haste
 p - 8 potions of flight
 B - 6 potions of heal wounds
 C - a potion of berserk rage {unknown}
 D - 3 potions of might
 E - a potion of cancellation
 F - 4 potions of mutation
Books
 x - a manual of Shields


   Skills:
 + Level 8.1 Fighting
 - Level 14.6 Axes
 - Level 4.2 Armour
 - Level 15.0(14.9) Shields
 - Level 13.7 Invocations
 - Level 0.4 Evocations


You had 11 spell levels left.
You didn't know any spells.
Your spell library contained the following spells:

 Spells                   Type           Power        Failure   Level
 Animate Skeleton         Necr           #.....       67%         1
 Apportation              Tloc           #.....       67%         1
 Corona                   Hex            #......      67%         1
 Magic Dart               Conj           #...         67%         1
 Summon Small Mammal      Summ           #...         67%         1
 Searing Ray              Conj           #.....       82%         2
 Confusing Touch          Hex            #.......     96%         3
 Dazzling Flash           Conj/Hex       #.....       96%         3
 Gell's Gravitas          Tloc           #.........   96%         3
 Fulminant Prism          Conj/Hex       #.........   100%        4
 Iskenderun's Mystic Bla  Conj/Tloc      #.......     100%        4
 Petrify                  Tmut/Erth      #.......     100%        4
 Metabolic Englaciation   Hex/Ice        #.........   100%        5
 Yara's Violent Unravell  Hex/Tmut       #.........   100%        5


Dungeon Overview and Level Annotations

Branches:
Dungeon (12/15)            Temple (1/1) D:5            Lair (0/6) D:10
    Orc (1/2) D:11        Ossuary (visited)           IceCv (visited)

Altars:
Ashenzari
Cheibriados
Dithmenos
Elyvilon
Fedhas
Gozag
Hepliaklqana
Kikubaaqudgha
Makhleb
Nemelex Xobeh
Okawaru
Qazlal
Ru
Sif Muna
Trog
Uskayaw
Vehumet
Wu Jian
Xom
Yredelemnul
Zin
The Shining One

Shops:
D:5 ![   D:6 (   D:7 *   D:8 ?   D:12 =

Annotations:
D:7 1 runed translucent door, rasy's ghost, novice MiHu
D:10 3 runed translucent doors, lilly's ghost, novice MiMo


Message History

You block the warg's attack.
The orc throws a boomerang.
The boomerang hits you but does no damage.
The weapon returns to the orc!
The orc warrior suddenly curses, as Orcs often do.
The orc warrior hits you with a +0 glaive!
* * * LOW HITPOINT WARNING * * *
You slice the orc warrior!!
The orc warrior is almost dead.
You hit the orc warrior.
You kill the orc!
You hit the warg but do no damage.
The orc warlord is no longer sharing its pain.
The warg bites you but does no damage.
You barely miss the orc warrior.
The orc warrior is heavily wounded.
You slash the orc warrior!
You kill the orc warrior!
You barely miss the warg.
The orc warrior hits you with a +0 dire flail!!!
You die...

......................
........................
........................
........................
........................
........................
.......................#
...............))h....#
..........###8[o@8####
.........##...))))..#
......#.##....)..)o..#
....#...#...#######...#
........#..##.....##..#
......###..#.......#..#
......# #..#.o..o..# .#
.....## ..#.......#. #
......# ..##.....##.


You could see 2 orc warlords, a warg (pain bonded), an orc warrior (strong, pain
bonded) and an orc.

Vanquished Creatures
  A frost giant (IceCv)
  A hydra (D:12)
  A two-headed ogre (D:9)
  Pikel (D:4)
  2 manticores (D:12)
  A cyclops (D:11)
  An ice statue (IceCv)
  A gargoyle (D:10)
  A komodo dragon (D:12)
  19 polar bears (IceCv)
  4 slime creatures (D:12)
  A hornet (D:12)
  3 hippogriffs
  10 yaks
  3 vampire mosquitoes (D:12)
  4 wargs (D:11)
  13 orc warriors
  3 ice beasts (D:6)
  3 sky beasts
  2 ogres
  3 necrophages
  6 wolves (IceCv)
  4 centaurs
  4 phantoms
  2 crocodiles (D:10)
  A lemure (D:4)
  2 big kobolds
  4 bullfrogs
  3 killer bees (D:7)
  9 scorpions
  5 wights (D:12)
  2 vampire bats (D:7)
  4 howler monkeys
  A quasit (D:7)
  2 centaur zombies
  2 bullfrog zombies
  16 orc wizards
  3 bullfrog skeletons
  5 orc priests
  7 hounds
  2 jellies
  2 centaur skeletons
  2 iguanas
  4 worker ants
  A hound zombie (D:10)
  3 mummies (Ossuary)
  A howler monkey zombie (D:6)
  6 adders
  4 gnolls (D:6)
  A shadow imp (D:5)
  16 white imps
  3 ufetubi
  2 oozes
  7 adder zombies (Ossuary)
  An adder skeleton (D:5)
  A worm (D:4)
  3 dart slugs
  2 leopard geckos
  66 orcs
  2 ball pythons
  3 bat skeletons (D:7)
  2 bat zombies (D:7)
  7 giant cockroaches
  A gnoll zombie (Ossuary)
  7 hobgoblins
  3 jackals (D:1)
  20 kobolds
  4 quokkas
  10 bats
  2 frilled lizards (D:1)
  10 goblins
  2 hobgoblin zombies (Ossuary)
  3 kobold zombies (Ossuary)
  3 quokka zombies
  5 rats
  3 rat zombies (Ossuary)
374 creatures vanquished.

Vanquished Creatures (others)
  2 plants (D:10)
  A withered plant (D:5)
3 creatures vanquished.

Grand Total: 377 creatures vanquished

Notes
Turn   | Place    | Note
-------+----------+-------------------------------------------
     0 | D:1      | amanita the Hill Orc Fighter began the quest for the Orb.
     0 | D:1      | Reached XP level 1. HP: 19/19 MP: 1/1
   140 | D:1      | Reached XP level 2. HP: 26/26 MP: 2/2
   301 | D:1      | Reached XP level 3. HP: 23/31 MP: 3/3
   423 | D:1      | Reached skill level 5 in Axes
  1346 | D:2      | Reached XP level 4. HP: 39/39 MP: 4/4
  1857 | D:3      | Found a shattered altar of Ashenzari.
  1876 | D:3      | Found a faded altar of an unknown god.
  2579 | D:3      | Found a burning altar of Makhleb.
  2613 | D:4      | Noticed a phantom
  2619 | D:4      | Reached XP level 5. HP: 41/45 MP: 5/5
  2648 | D:4      | Killed a phantom
  2698 | D:4      | Noticed a centaur
  2710 | D:4      | Killed a centaur
  2710 | D:4      | Reached XP level 6. HP: 38/51 MP: 6/6
  2983 | D:4      | Found a shimmering blue altar of Sif Muna.
  3029 | D:4      | Found a bloodstained altar of Trog.
  3061 | D:4      | Reached skill level 4 in Shields
  3131 | D:4      | Reached skill level 5 in Shields
  3131 | D:4      | Reached XP level 7. HP: 57/57 MP: 7/7
  3441 | D:4      | Reached skill level 6 in Shields
  3844 | D:4      | Noticed Pikel
  3866 | D:4      | Killed Pikel
  3866 | D:4      | Reached skill level 8 in Shields
  3866 | D:4      | Reached XP level 8. HP: 53/64 MP: 8/8
  4127 | D:5      | Entered Level 5 of the Dungeon
  4163 | D:5      | Found Qeputhruh's Distillery.
  4205 | D:5      | Found a blossoming altar of Fedhas.
  4280 | D:5      | Reached skill level 9 in Shields
  4382 | D:5      | Found Luil's Armour Boutique.
  4407 | D:5      | Found a basalt altar of Yredelemnul.
  4568 | D:5      | Found a staircase to the Ecumenical Temple.
  4659 | Temple   | Entered the Ecumenical Temple
  4711 | Temple   | Became a worshipper of Uskayaw the Reveler
  4787 | D:6      | Reached * piety under Uskayaw
  4802 | D:6      | Reached skill level 5 in Fighting
  4802 | D:6      | Reached ** piety under Uskayaw
  4805 | D:6      | Reached *** piety under Uskayaw
  4807 | D:6      | Reached **** piety under Uskayaw
  4814 | D:6      | Reached ***** piety under Uskayaw
  4819 | D:6      | Reached XP level 9. HP: 38/79 MP: 9/9
  4821 | D:6      | Reached ****** piety under Uskayaw
  4878 | D:5      | Bought a potion of curing for 42 gold pieces
  4878 | D:5      | Bought a potion of heal wounds for 70 gold pieces
  4926 | D:6      | Found a sand-covered staircase.
  4935 | Ossuary  | Entered an ossuary
  5364 | Ossuary  | Identified a scroll of acquirement
  5386 | D:6      | Acquired the +11 broad axe of Foolhardiness {speed, *Slow
                  | rF+ rC+ Stlth+}
  5405 | D:6      | Acquired a manual of Shields
  5656 | D:6      | Reached skill level 10 in Axes
  5807 | D:6      | Found Sudwej's Antique Weapon Shoppe.
  5932 | D:7      | Reached skill level 10 in Shields
  6039 | D:7      | Reached skill level 11 in Shields
  6247 | D:7      | Found Xuq Zeyn's General Store.
  6300 | D:7      | Reached skill level 12 in Shields
  6321 | D:7      | Found an iron altar of Okawaru.
  6381 | D:7      | Found a runed translucent door.
  6381 | D:7      | Found a shimmering altar of Xom.
  6381 | D:7      | Noticed rasy's ghost (novice MiHu)
  6381 | D:7      | Noticed a +0 spear of chaos
  6390 | D:7      | Reached XP level 10. HP: 77/86 MP: 10/10
  6563 | D:7      | Found an ancient bone altar of Kikubaaqudgha.
  6571 | D:7      | Reached skill level 13 in Shields
  6763 | D:5      | Bought a potion of haste for 140 gold pieces
  6763 | D:5      | Bought a potion of mutation for 112 gold pieces
  6910 | D:8      | Found Bamuesuf's Magic Scroll Boutique.
  6917 | D:8      | Bought a scroll of teleportation for 39 gold pieces
  7195 | D:8      | Found a shadowy altar of Dithmenos.
  7491 | D:8      | Got a masterwork war axe
  7492 | D:8      | Identified the +2 war axe "Apuhos" {vorpal, Int+5} (You
                  | found it on level 8 of the Dungeon)
  7502 | D:9      | Noticed a two-headed ogre
  7509 | D:9      | Killed a two-headed ogre
  7509 | D:9      | Reached skill level 14 in Shields
  7526 | D:9      | Found a radiant altar of Vehumet.
  7588 | D:9      | Found a hazy altar of Hepliaklqana.
  7751 | D:9      | Reached skill level 15 in Shields
  8213 | D:9      | Found a shimmering altar of Xom.
  8309 | D:10     | Entered Level 10 of the Dungeon
  8309 | D:10     | Noticed a gargoyle
  8314 | D:10     | Killed a gargoyle
  8409 | D:10     | Found a runed translucent gate.
  8409 | D:10     | Noticed an 11-headed hydra
  8410 | D:10     | Found a runed translucent gate.
  8419 | D:10     | Found a runed translucent gate.
  8422 | D:10     | Noticed lilly's ghost (novice MiMo)
  8582 | D:10     | Found a staircase to the Lair.
  8756 | D:10     | Reached XP level 11. HP: 83/92 MP: 11/11
  9280 | D:11     | Found a staircase to the Orcish Mines.
  9402 | D:11     | Noticed a cyclops
  9412 | D:11     | Killed a cyclops
  9483 | D:11     | You fall into a shaft and drop 1 floor!
  9545 | D:12     | Found a frozen archway.
  9570 | IceCv    | Entered an ice cave
  9574 | IceCv    | Reached skill level 1 in Invocations
  9613 | IceCv    | Reached skill level 5 in Invocations
 10290 | IceCv    | Reached XP level 12. HP: 79/100 MP: 19/19
 10294 | IceCv    | Reached skill level 10 in Invocations
 10433 | IceCv    | Noticed a frost giant
 10446 | IceCv    | Killed a frost giant
 10893 | D:12     | Noticed a five-headed hydra
 10905 | D:12     | Killed a 12-headed hydra
 11433 | D:12     | Found Ihutitab's Jewellery Emporium.
 11840 | Orc:1    | Entered Level 1 of the Orcish Mines
 12254 | Orc:1    | Noticed an orc warlord
 12254 | Orc:1    | Noticed an orc warlord
 12271 | Orc:1    | Demolished by an orc warrior

Illustrated notes

Levels and vault maps discovered:
D:1:      dpeg_arrival_simpleton_a, layout_basic, minmay_tetromino_s4
D:2:      layout_rooms
D:3:      layout_basic, cheibrodos_ashenzari_chains,
          lemuel_coloured_pillars_altar, chequers_ecumenical_altar_simple_redux
D:4:      layout_basic, bloody_trog, kennysheep_mini, serial_bayou_lagoon_a,
          st_stairs_8, uniq_pikel
D:5:      layout_gridville, yredelemnul_altar_generic,
          nicolae_overflow_crystal_walls, minmay_temple_entry_statues,
          serial_shops, shop, nicolae_shop_behind_doors
D:6:      layout_basic, enter_ossuary_1, serial_shops,
          nicolae_shop_behind_doors, st_stairs_11, hangedman_decor_push
D:7:      layout_gridville, kennysheep_little_box, kennysheep_vampire_church,
          ebering_ghost_xom, serial_shops, nicolae_shop_crystal
D:8:      layout_cave_pods, overflow_temple_1_default, serial_shops,
          shop_fountains
D:9:      layout_stronghold, xom_teletrap_fun, vehumet_altar_wand_db,
          lemuel_crystal_altar
D:10:     layout_basic, david_lair_generic, gammafunk_ghost_hydra_chop
D:11:     layout_basic, minmay_orc_entry_guard_dogs
D:12:     layout_basic, serial_shops, shop, portal_ice_cave_entry_imps
Temple:   zaba_magenta_temple
Orc:1:    cheibrodos_orc_arena, layout_caves, special_room [special_room_orc],
          serial_shops, shop_statue, nicolae_orc_stony_grotto

Skill      XL: |  1  2  3  4  5  6  7  8  9 10 11 12 |
---------------+-------------------------------------+-----
Axes           | 3 4 5 6 8 10 13 14 | 14.6
Shields        | 5 8 9 12 15 | 15.0
Fighting       | 7 8 |  8.1
Armour         | 4 |  4.2
Invocations    | 9 13 | 13.7
Evocations     | |  0.4

Action                   |  1- 3 |  4- 6 |  7- 9 | 10-12 || total
-------------------------+-------+-------+-------+-------++-------
Melee: War axe           |   136 |   103 |   276 |       ||   515
       Broad axe         |       |       |    63 |   373 ||   436
Throw: Dart              |       |     6 |    13 |     1 ||    20
Invok: Grand Finale      |       |       |       |     1 ||     1
Evoke: Wand              |       |       |       |     1 ||     1
  Use: Scroll            |     4 |       |    10 |     4 ||    18
       Potion            |       |       |     6 |     3 ||     9
 Stab: Paralysed         |       |       |     5 |    47 ||    52
Armor: Scale mail        |    68 |    23 |    97 |    70 ||   258
Dodge: Dodged            |    49 |    42 |   141 |    83 ||   315
Block: Kite shield       |    82 |    63 |   142 |   204 ||   491

Table legend: (Time is in decaauts)
 A = Elapsed time spent in this place.
 B = Non-inter-level travel time spent in this place.
 C = Inter-level travel time spent in this place.
 D = Time resting spent in this place.
 E = Time spent auto-exploring this place.
 F = Levels seen in this place.
 G = Mean time per level.
                   A        B        C        D        E       F      G
               +--------+--------+--------+--------+--------+-----+--------+
         Total |  12238 |  11727 |    511 |   1050 |   8353 |  16 |  764.9 |
       Dungeon |  10273 |   9762 |    511 |    612 |   7284 |  12 |  856.1 |
        Temple |     67 |     67 |      0 |      0 |     47 |   1 |   67.0 |
  Orcish Mines |    415 |    415 |      0 |      0 |    365 |   1 |  415.0 |
       Ossuary |    436 |    436 |      0 |    215 |    134 |   1 |  436.0 |
      Ice Cave |   1044 |   1044 |      0 |    223 |    523 |   1 | 1044.0 |
               +--------+--------+--------+--------+--------+-----+--------+

Top non-repeatable levels by time:
     D:4: 1550 daAuts
    D:12: 1229 daAuts
     D:1: 1069 daAuts
   IceCv: 1044 daAuts
     D:3: 978 daAuts
     D:7: 895 daAuts
    D:10: 876 daAuts
     D:9: 786 daAuts
     D:6: 697 daAuts
     D:8: 674 daAuts
     D:2: 616 daAuts
     D:5: 599 daAuts
 Ossuary: 436 daAuts
   Orc:1: 415 daAuts
    D:11: 300 daAuts
